 Dungeon Crawl Stone Soup version 0.20-a0-470-gbb038bd (webtiles) character file.

784 HAL9000 the Carver (level 7, -1/78 HPs)
             Began as a Barachian Berserker on Jan 13, 2017.
             Was an Elder of Trog.
             Slain by a big kobold (3 damage)
             ... in a sewer.
             The game lasted 00:17:29 (5679 turns).

HAL9000 the Carver (Barachian Berserker)            Turns: 5679, Time: 00:17:29

Health: -1/78      AC:  3    Str: 21    XL:     7   Next: 86%
Magic:  7/7        EV: 12    Int: 16    God:    Trog [****..]
Gold:   423        SH:  0    Dex: 12    Spells: 6/6 levels left

rFire  + + .     SeeInvis .     a - +1 falchion
rCold  + . .     Gourm    .     Q - +1 robe of Genuvivo {*Contam rF+++ Int+7} (curse)
rNeg   . . .     Faith    .     (no shield)
rPois  .         Spirit   .     (no helmet)
rElec  .         Reflect  .     (no cloak)
rCorr  .         Harm     .     (no gloves)
MR     .....                    (no boots)
Stlth  ..........               E - amulet of regeneration
                                x - +4 ring of intelligence
                                p - ring of ice

@: berserking, quick
A: swims, slowness 1, strong legs 1
a: Hop, Berserk, Trog's Hand, Brothers in Arms, Burn Spellbooks, Renounce
Religion


You were in a sewer.
You worshipped Trog.
Trog was greatly pleased with you.
You were very hungry.

You visited 1 branch of the dungeon, and saw 5 of its levels.
You also visited: Sewer.

You collected 423 gold pieces.

Inventory:

Hand Weapons
 a - a +1 falchion (weapon)
Missiles
 y - 8 tomahawks (quivered)
 B - 3 throwing nets
 L - 4 javelins
Armour
 t - a +1 plate armour
 Q - the cursed +1 robe of Genuvivo (worn) {*Contam rF+++ Int+7}
   (You found it on level 5 of the Dungeon)

   It affects your intelligence (+7).
   It renders you almost immune to fire.
   It causes magical contamination when unequipped.
   It has a curse placed upon it.
Jewellery
 p - a ring of ice (left hand)
 x - a +4 ring of intelligence (right hand)
 E - an amulet of regeneration (around neck)
Wands
 C - a wand of paralysis (13/24)
 F - a wand of flame (4/48)
 I - a wand of paralysis (15/24)
Scrolls
 o - a scroll of fog
 P - a scroll of identify
 R - a scroll of enchant weapon
 S - a scroll of teleportation
Potions
 d - a potion of cure mutation
 h - a potion of might
 j - 3 potions of curing
 k - a potion of invisibility
 w - 3 potions of brilliance
 z - 2 potions of lignification
 A - 5 potions of heal wounds
 N - a potion of haste {unknown}
Books
 m - a book of Cantrips

   Spells                             Type                      Level
   a - Confusing Touch                Hexes                        1
   b - Animate Skeleton               Necromancy                   1
   c - Summon Small Mammal            Summoning                    1
   d - Apportation                    Translocation                1
   Trog disapproves of the use of such an item.
Comestibles
 c - 3 bread rations
 g - a meat ration
 r - 2 slices of pizza
 v - 2 beef jerkies
 T - a chunk of flesh


   Skills:
 - Level 3.2 Fighting
 + Level 9.8 Long Blades
 - Level 2.1 Armour
 - Level 2.0 Dodging


You had 6 spell levels left.
You didn't know any spells.

Dungeon Overview and Level Annotations

Branches:
Dungeon (5/15)
 Temple: D:4-7

Altars:
Cheibriados
Elyvilon
Nemelex Xobeh
Sif Muna
Vehumet
Xom
Zin
Beogh

Shops:
D:4 (


Innate Abilities, Weirdness & Mutations

You can swim through water.
You cover ground slowly.
You can hop short distances.


Message History

You slash the big kobold!
The big kobold is heavily wounded.
The big kobold hits you.
* * * LOW HITPOINT WARNING * * *
You closely miss the big kobold.
The big kobold is moderately wounded.
You barely miss the big kobold.
The big kobold is moderately wounded.
The big kobold hits you.
* * * LOW HITPOINT WARNING * * *
You closely miss the big kobold.
The big kobold is moderately wounded.
You closely miss the big kobold.
The big kobold is moderately wounded.
The big kobold hits you!
* * * LOW HITPOINT WARNING * * *
You barely miss the big kobold.
The big kobold is moderately wounded.
The big kobold hits you.
You die...

≈≈≈≈≈≈≈≈≈≈≈≈≈≈≈≈≈≈≈≈≈≈≈≈≈#
≈≈≈≈≈≈≈≈≈≈≈≈≈≈≈≈≈≈≈≈≈≈≈≈≈#
.≈≈≈≈≈≈≈≈≈≈≈≈≈≈≈≈≈≈≈≈≈≈≈ #
......##≈≈≈≈≈≈≈≈≈≈≈≈≈≈≈≈
.......####..≈≈≈≈≈≈≈≈≈≈≈≈
.##.....##....≈≈#######≈≈
###.............#..#?!#≈≈
.###............#....!#≈≈
......####..(..(@(...#
.....## ###..(.#K...?#≈≈
###### ######..#!!#≈≈ ####
##≈≈ ≈


You could see a big kobold.

Vanquished Creatures
  A centaur (D:5)
  A big kobold (Sewer)
  2 scorpions (D:5)
  An orc priest (D:3)
  A centaur zombie (D:5)
  2 orc wizards (D:3)
  2 hounds
  Terence (D:3)
  Natasha (D:2)
  2 worker ants (D:4)
  A hound zombie (D:5)
  A hound skeleton (D:5)
  A howler monkey zombie (D:5)
  6 adders
  3 river rats (Sewer)
  2 oozes
  3 worms
  4 leopard geckos
  10 orcs
  6 ball pythons
  4 giant cockroaches
  6 goblins (D:1)
  7 hobgoblins
  9 jackals
  A quokka (D:3)
  5 bats
  8 frilled lizards
  28 kobolds
  A quokka skeleton (D:4)
  30 rats
150 creatures vanquished.

Notes
Turn   | Place    | Note
-------+----------+-------------------------------------------
     0 | D:1      | HAL9000 the Barachian Berserker began the quest for the Orb.
     0 | D:1      | Reached XP level 1. HP: 18/18 MP: 1/1
    91 | D:1      | Reached XP level 2. HP: 17/24 MP: 2/2
   165 | D:1      | Reached skill level 4 in Long Blades
   490 | D:1      | Reached XP level 3. HP: 19/29 MP: 3/3
   593 | D:1      | Reached ** piety under Trog
  1374 | D:2      | HP: 1/29 [worm (5)]
  1652 | D:2      | Reached skill level 5 in Long Blades
  1928 | D:2      | Found a shimmering altar of Xom.
  1983 | D:2      | Found a white marble altar of Elyvilon.
  2191 | D:2      | Reached XP level 4. HP: 21/35 MP: 4/4
  2446 | D:2      | Found a radiant altar of Vehumet.
  2856 | D:2      | Noticed Natasha
  2866 | D:2      | Killed Natasha
  3091 | D:2      | Found a deep blue altar of Sif Muna.
  3091 | D:2      | Found a snail-covered altar of Cheibriados.
  3250 | D:3      | Noticed Terence
  3257 | D:3      | Killed Terence
  3257 | D:3      | Reached skill level 6 in Long Blades
  3257 | D:3      | Reached XP level 5. HP: 41/41 MP: 5/5
  3784 | D:3      | Found a roughly hewn altar of Beogh.
  4009 | D:3      | Reached skill level 7 in Long Blades
  4014 | D:3      | Reached XP level 6. HP: 29/47 MP: 6/6
  4250 | D:4      | Found Abruj's Weapon Emporium.
  4379 | D:4      | Found a glowing silver altar of Zin.
  4696 | D:5      | Entered Level 5 of the Dungeon
  4704 | D:5      | Reached skill level 8 in Long Blades
  4798 | D:5      | Reached XP level 7. HP: 49/52 MP: 7/7
  4857 | D:5      | Found a sparkling altar of Nemelex Xobeh.
  4915 | D:5      | Reached *** piety under Trog
  4915 | D:5      | Reached skill level 9 in Long Blades
  5012 | D:5      | Got a silken robe
  5023 | D:5      | Identified the cursed +1 robe of Genuvivo {*Contam rF+++ Int+7} (You found it on level 5 of the Dungeon)
  5036 | D:5      | Found a glowing drain.
  5052 | Sewer    | Entered a sewer
  5403 | Sewer    | Reached **** piety under Trog
  5678 | Sewer    | HP: 2/78 [big kobold (7)]
  5679 | Sewer    | Slain by a big kobold

Vault maps used:
D:1:      kennysheep_arrival_seaside, serial_glass, glass_columns_b,
          glass_columns_a, minmay_misc_feat_enclosed, chequers_big_river
D:2:      lemuel_round_altar, grunt_temple_overflow_open, vehumet_crystals,
          hangedman_decor_diamond_cutter, xom_teletrap_fun, uniq_natasha
D:3:      first_bread, kennysheep_orc_chapel, uniq_terence
D:4:      zin_academy, serial_shops, shop
D:5:      lemuel_round_altar, portal_sewer_entry_d
Sewer:    sewer_minmay_treatment

Skill      XL: |  1  2  3  4  5  6  7 |
---------------+----------------------+-----
Long Blades    | 4 5 6 7 8 9 |  9.8
Fighting       | |  3.2
Armour         | |  2.1
Dodging        | |  2.0

Action                   |  1- 3 |  4- 6 |  7- 9 || total
-------------------------+-------+-------+-------++-------
Melee: Falchion          |   142 |   210 |   135 ||   487
Invok: Berserk           |     1 |     5 |     2 ||     8
       Trog's Hand       |     1 |     1 |       ||     2
  Use: Scroll            |       |     7 |     8 ||    15
  Eat: Chunk             |     6 |    14 |     4 ||    24
Armor: Animal skin       |    20 |     3 |       ||    23
       Plate armour      |       |   131 |    21 ||   152
       Robe              |       |       |    19 ||    19
Dodge: Dodged            |    70 |    79 |   123 ||   272
       Rpst.: Falchion   |    25 |    27 |    39 ||    91
